 Dungeon Crawl Stone Soup version 0.27.0-1-g7a089689b8 (webtiles) character file.

Game seed: 13390227836530419245

410036 robertstho the Sorcerer (level 24, -1/160 (171) HPs)
             Began as a Djinni Fire Elementalist on Aug 12, 2021.
             Was an Initiate of Gozag.
             Killed from afar by a shadow dragon (43 damage)
             ... with a bolt of negative energy
             ... on level 5 of the Vaults on Aug 13, 2021.
             The game lasted 02:24:42 (78793 turns).

robertstho the Sorcerer (Djinni Fire Elementalist) Turns: 78793, Time: 02:24:43

HP:   -1/160 (171)  AC: 17    Str: 10    XL:     24   Next: 61%
Gold: 4140          EV: 15    Int: 35    God:    Gozag SH: 12 Dex: 25

rFire    + + +     SeeInvis .   R - +11 war axe of Plog {spect, rElec rC- Will+ Int+5}
rCold    + + .     Faith    .   I - +2 shield of Resistance {rF++ rC++ Will++}
rNeg     . . .     Spirit   .   s - +4 scale mail "Cieli Mia" {Dex+6}
rPois    ∞         Reflect  .   l - +0 helmet
rElec    +         Harm     .   V - scarf {rC+ rF+}
rCorr    +         Rampage  .   W - +0 pair of gloves {Dex+3}
Will     +++++                  (boots unavailable)
Stlth    ++........             Z - amulet of regeneration
HPRegen  1.36/turn              D - ring of the Devil's Team {+Blink Will+ EV+4}
MPRegen  0.00/turn              h - ring of Axtemeiq {rC+ rCorr Str+3 Int+3}

@: gold aura, flying, very slightly contaminated, studying 2 skills, drained,
invisible, bribing [the Vaults]
A: sickness immunity, fire resistance 2, cold vulnerability 1, float, innate
caster, hp casting, extra vitality 1
}: 2/15 runes: decaying, serpentine
a: Renounce Religion, Evoke Blink, Potion Petition, Call Merchant, Bribe Branch


You were on level 5 of the Vaults.
You worshipped Gozag.
Gozag was most pleased with you.
You visited 7 branches of the dungeon, and saw 39 of its levels.
You also visited: Gauntlet and Ice Cave.

You collected 19900 gold pieces.
You spent 6301 gold pieces at shops.
You paid 9459 gold pieces to Gozag.

Inventory:

Hand Weapons
 A - the +8 war axe of Yhunkiuw {drain, rCorr}
   (You found it on level 10 of the Dungeon)

   A truly terrible weapon, it drains the life of any living foe it strikes.
   rCorr:     It protects you from acid and corrosion.
 R - the +11 war axe of Plog (weapon) {spect, rElec rC- Will+ Int+5}
   (You took it off a minotaur in a Gauntlet)

   When its wielder attacks, the weapon's spirit leaps out and strikes again.
   The spirit shares a part of any damage it takes with its wielder.
   Int:       It affects your intelligence (+5).
   rC:        It makes you vulnerable to cold.
   rElec:     It insulates you from electricity.
   Will:      It increases your willpower.
Armour
 l - a +0 helmet (worn)
 s - the +4 scale mail "Cieli Mia" (worn) {Dex+6}
   (You found it on level 9 of the Dungeon)

   Dex:       It affects your dexterity (+6).
 y - a +1 cloak of poison resistance
 I - the +2 shield of Resistance (worn) {rF++ rC++ Will++}
   (You took it off a deep elf sorcerer on level 3 of the Elven Halls)

   rF:        It greatly protects you from fire.
   rC:        It greatly protects you from cold.
   Will:      It greatly increases your willpower.
 U - a +1 tower shield of reflection
 V - a scarf of resistance (worn)
 W - a +0 pair of gloves of dexterity (worn)
Jewellery
 b - the ring of Exexzeq {Wiz Int+6}
   (You took it off a deep elf elementalist on level 3 of the Elven Halls)

   [ring of wizardry]

   It improves your spell success rate.
   Int:       It affects your intelligence (+6).
 h - the ring of Axtemeiq (right hand) {rC+ rCorr Str+3 Int+3}
   (You bought it in a shop on level 3 of the Lair of Beasts)

   [ring of resist corrosion]

   Str:       It affects your strength (+3).
   Int:       It affects your intelligence (+3).
   rC:        It protects you from cold.
   rCorr:     It protects you from acid and corrosion.
 m - a ring of fire
 u - a ring of protection from cold
 w - the amulet of Orthodoxy {Spirit rN++ Slay+2}
   (You took it off a deep elf sorcerer on level 3 of the Elven Halls)

   [amulet of guardian spirit]

   It causes incoming damage to be divided between your reserves of health and
   magic.
   Slay:      It affects your accuracy & damage with ranged weapons and melee
   (+2).
   rN:        It greatly protects you from negative energy.
 z - the ring "Luipreus" {rElec rPois Will- AC+4 Int-2}
   (You took it off a deep elf annihilator on level 3 of the Elven Halls)

   [ring of protection]

   AC:        It affects your AC (+4).
   Int:       It affects your intelligence (-2).
   rElec:     It insulates you from electricity.
   rPois:     It protects you from poison.
   Will:      It decreases your willpower.
 B - the ring "Voorre" {rPois Str+6 SInv}
   (You acquired it on level 1 of the Elven Halls)

   [ring of strength]

   Str:       It affects your strength (+6).
   rPois:     It protects you from poison.
   SInv:      It lets you see invisible.
 D - the ring of the Devil's Team (left hand) {+Blink Will+ EV+4}
   (You found it in an ice cave)

   [ring of evasion]

   EV:        It affects your evasion (+4).
   +Blink:    It lets you blink.
   Will:      It increases your willpower.
 N - a ring of willpower
 O - a ring of positive energy
 Y - the amulet "Fuseofog" {RegenMP Drain rElec rC+ rN+}
   (You found it on level 14 of the Dungeon)

   [amulet of magic regeneration]

   It increases your rate of magic regeneration.
   rC:        It protects you from cold.
   rElec:     It insulates you from electricity.
   rN:        It protects you from negative energy.
   Drain:     It drains your maximum health when unequipped.
 Z - an amulet of regeneration (around neck)
Wands
 t - a wand of acid (61)
 M - a wand of digging (6)
 P - a wand of iceblast (56)
Scrolls
 c - 24 scrolls of teleportation
 e - 9 scrolls of immolation
 g - 8 scrolls of enchant weapon
 k - 5 scrolls of silence
 p - 6 scrolls of magic mapping
 q - 3 scrolls of fear
 r - 4 scrolls of holy word
 v - 8 scrolls of fog
 F - 5 scrolls of enchant armour
 H - 13 scrolls of identify
 K - 5 scrolls of blinking
 L - 2 scrolls of summoning
Potions
 a - 2 potions of berserk rage
 d - 11 potions of curing
 i - 5 potions of haste
 j - 3 potions of brilliance
 n - 7 potions of resistance
 C - 4 potions of invisibility
 Q - 7 potions of mutation
 S - 7 potions of might
 T - 2 potions of cancellation
 X - a potion of ambrosia
Miscellaneous
 G - a phantom mirror
 J - a box of beasts


   Skills:
 * Level 14.5 Fighting
 + Level 2.4 Axes
 * Level 14.3 Armour
 + Level 6.0 Dodging
 + Level 5.0 Stealth
 + Level 6.2 Shields
 * Level 24.4 Spellcasting
 + Level 2.2 Evocations


You couldn't memorise any spells.
You knew the following spells:

 Your Spells              Type           Power      Damage    Failure   Level
a - Foxfire               Conj/Fire      100%       2x1d9     0%          1
b - Conjure Flame         Conj/Fire      100%       6-21      0%          3
c - Inner Flame           Hex/Fire       100%       N/A       0%          3
d - Sticky Flame          Conj/Fire      100%       2d11      0%          4
e - Fireball              Conj/Fire      59%        3d23      0%          5
f - Animate Skeleton      Necr           100%       N/A       0%          1
g - Ensorcelled Hibernat  Hex/Ice        100%       N/A       0%          2
h - Frozen Ramparts       Ice            100%       1d12      0%          3
i - Summon Lightning Spi  Summ/Air       100%       N/A       0%          4
j - Alistair's Intoxicat  Tmut/Pois      79%        N/A       0%          5
k - Manifold Assault      Tloc           100%       N/A       0%          5
l - Simulacrum            Ice/Necr       59%        N/A       1%          6
m - Iron Shot             Conj/Erth      59%        9d11      1%          6
n - Orb of Destruction    Conj           59%        9d17      1%          7
o - Discord               Hex            59%        N/A       1%          8
p - Ignition              Fire           59%        3d16      1%          8
Your spell library was empty.

Dungeon Overview and Level Annotations

Branches:
Dungeon (15/15)            Temple (0/1) D:6            Lair (6/6) D:9
  Swamp (4/4) Lair:2        Snake (4/4) Lair:4        Slime (0/5) Lair:6
    Orc (2/2) D:12            Elf (3/3) Orc:2        Vaults (5/5) D:14
  Crypt (0/3) Vaults:3     Depths (0/5) D:15          IceCv (visited)
Gauntlet (visited)

Altars:
Fedhas
Gozag
Kikubaaqudgha
Makhleb
Nemelex Xobeh
Qazlal
Ru
Sif Muna
Trog
Vehumet
Wu Jian
Zin

Shops:
D:3 (   D:4 *   D:10 [?   D:11 *   Orc:2 ((*(   Elf:1 [?   Lair:3 =   Swamp:4 (
Snake:1 ===:   Snake:4 *?!=(   Vaults:1 !(   Vaults:3 *   Vaults:4 [

Portals:
Trove: Vaults:3 (give 17 potions of curing)

Annotations:
D:4 3 runed translucent doors, Smaepdii's ghost, amateur MiBe
Orc:1 2 transporters, Tinen's ghost, journeyman TrMo
Elf:2 1 runed translucent door
Vaults:4 2 runed translucent doors, Kare Xaoge's ghost, adept DgTm; SpeedRobin's ghost, adept DDFi


Innate Abilities, Weirdness & Mutations

You are immune to sickness and miasma.
You are immune to poison.
Your flesh is very heat resistant. (rF++)
You are vulnerable to cold. (rC-)
You float through the air rather than walking.
You learn spells naturally, not from books.
Your magical power is your life essence.
You have superior vitality. (+4 HP)


Message History

Confirm with . or Enter, or press ? or * to list all spells.
Casting: Ignition (dangerous; 1% risk of failure)
Press: ? - help, Dir - look around, f - activate The air bursts into flame!
The fireball engulfs the tengu reaver!
The tengu reaver resists.
The tengu reaver is heavily wounded.
The tengu reaver is no longer distracted by gold.
The tengu reaver shouts!
The fireball engulfs the shadow dragon!!
The shadow dragon is heavily wounded.
The shadow dragon is no longer distracted by gold.
The fireball engulfs the phantasmal warrior!
The phantasmal warrior is almost destroyed.
* * * LOW HITPOINT WARNING * * *
The phantasmal warrior is distracted by your dazzling golden aura.
The tengu reaver is distracted by your dazzling golden aura.
The shadow dragon is distracted by your dazzling golden aura.
A phantasmal warrior comes into view.
Unknown command.
Unknown command.
Do you want to bribe the denizens of the Vaults?
Gozag spreads your bribe to the Vaults!
A blink frog comes into view.
Unknown command.
Unknown command.
Unknown command.
Unknown command.
The shadow dragon is no longer distracted by gold.
Unknown command.
Casting: Ignition (dangerous; 1% risk of failure)
Confirm with . or Enter, or press ? or * to list all spells.
Aiming: Orb of Destruction (mildly dangerous; 1% risk of failure)
Press: ? - help, Shift-Dir - straight line, f - shadow dragon
Aim: a shadow dragon (heavily wounded)
* * * LOW HITPOINT WARNING * * *
The tengu reaver is no longer distracted by gold.
The shadow dragon breathes negative energy at you.
The bolt of negative energy hits you!!!
You feel drained.
You die...
Your body crumbles into a pile of gold.

##.#.#....# .#
$..$#....#$.#
$#$#....#... W..$.$.$...
##############.......$##
.....?...$......[$.$..$.
...D.*○@..Q.$..$$<<.$$$.
.?...........QF$<[$<..$.
............W$$$$<<.$...
##############$W$$.$..##
.$$F....$..C
###$#)...#.$$ $ $
pD#$$..# .Q ##C#....# $
$C#....#


You could see a shadow dragon (catching breath, ally target), 2 tengu reavers, a
phantasmal warrior and a blink frog (wandering).

Vanquished Creatures
  An ancient lich (Vaults:4)
  Saint Roka (Snake:3)
  Vashnia (Snake:3)
  Nikola (Elf:3)
  3 tentacled monstrosities
  Asterion (Elf:1)
  3 deep elf blademasters
  2 quicksilver dragons (Snake:4)
  A deep elf master archer (Elf:3)
  4 sphinxes
  A shadow dragon (Vaults:5)
  A thorn hunter (Swamp:4)
  4 storm dragons
  5 tengu reavers
  A fenstrider witch (Swamp:3)
  2 frost giants (Vaults:5)
  7 nagarajas
  12 deep elf sorcerers
  3 fire giants
  8 vault wardens
  An orc warlord (Vaults:2)
  8 deep elf elementalists
  A war gargoyle (Vaults:5)
  3 stone giants
  9 very ugly things
  22 ironbound preservers
  A reaper (IceCv)
  7 dire elephants
  A minotaur (Gauntlet)
  7 deep elf annihilators
  4 bunyips
  3 deep elf demonologists (Elf:3)
  Azrael (Orc:2)
  An entropy weaver (Vaults:3)
  4 ettins (Vaults:5)
  5 deep elf death magi
  Snorg (Orc:2)
  4 great orbs of eyes
  A shambling mangrove (Swamp:4)
  4 deep elf high priests
  A fire dragon (D:10)
  14 yaktaur captains
  8 naga warriors
  3 ogre magi
  2 boulder beetles (Vaults:1)
  6 ironbound thunderhulks
  2 ghost crabs (Swamp:4)
  28 vault guards
  A peacekeeper (Vaults:1)
  4 salamander tyrants
  10 centaur warriors
  10 hydras
  6 anacondas
  A merfolk avatar (Lair:6)
  8 ironbound frosthearts
  A death knight (D:13)
  Erica (D:11)
  15 two-headed ogres
  12 ironbound beastmasters
  A deep troll earth mage (D:14)
  A death yak (D:9)
  5 alligators
  16 naga sharpshooters
  12 deep elf knights
  9 shock serpents
  2 salamander mystics
  7 skeletal warriors
  4 sixfirhies (Gauntlet)
  2 goliath frogs
  4 sea snakes
  11 swamp dragons (Swamp:4)
  4 spriggan druids
  A flayed ghost (Vaults:5)
  58 deep trolls
  4 bog bodies (Swamp:1)
  A glowing orange brain (Vaults:2)
  An orange crystal statue (Vaults:2)
  Pikel (D:8)
  7 deep elf archers
  7 wizards
  11 ironbound convokers
  8 naga ritualists
  5 orc knights
  A necromancer (Vaults:1)
  13 lindwurms
  30 deep elf pyromancers
  20 deep elf zephyrmancers
  A phantasmal warrior (Vaults:5)
  13 mana vipers
  A harpy (Lair:6)
  A manticore (D:14)
  36 ugly things
  2 cyclopes
  16 salamanders
  3 orc sorcerers
  5 will-o-the-wisps
  11 elephants
  A manticore (shapeshifter) (Vaults:5)
  37 black mambas
  5 guardian serpents
  13 naga magi
  2 ice statues (IceCv)
  14 vault sentinels
  3 gargoyles
  8 cane toads
  2 rime drakes
  2 kobold demonologists
  An unseen horror (shapeshifter) (Vaults:5)
  Maggie (D:9)
  2 freezing wraiths
  25 yaktaurs
  7 ice devils
  3 anaconda simulacra (IceCv)
  2 entropy weaver simulacra (IceCv)
  9 komodo dragons
  A tengu conjurer (D:15)
  7 trolls
  2 polar bears
  43 slime creatures
  A wind drake (shapeshifter) (Vaults:5)
  4 bloated husks
  A meliai (shapeshifter) (Elf:3)
  Grinder (D:5)
  6 tyrant leeches
  A wind drake (Lair:6)
  Prince Ribbit (D:5)
  5 hornets
  14 blink frogs
  A snapping turtle (Lair:6)
  A blink frog (shapeshifter) (D:14)
  An air elemental (Elf:2)
  A water elemental (Elf:2)
  6 wyverns
  18 yaks
  2 shadows
  A dire elephant simulacrum (IceCv)
  6 wraiths
  4 fire elementals
  3 basilisks
  2 steam dragons
  Grum (D:8)
  5 vampire mosquitoes
  10 swamp worms
  2 acid dragons (D:10)
  4 wargs
  4 harpy simulacra (IceCv)
  19 water moccasins
  42 nagas
  2 hell hounds (Orc:2)
  8 swamp drakes
  2 ice beasts
  32 orc warriors
  2 sky beasts
  15 wolves
  7 ogres
  2 black bears
  2 necrophages
  6 boggarts
  10 centaurs
  2 lemures
  2 kobold brigands
  A gnoll sergeant (D:8)
  10 bullfrogs
  7 earth elementals
  A scorpion (D:5)
  A two-headed ogre simulacrum (IceCv)
  A water moccasin zombie (D:9)
  An elephant simulacrum (IceCv)
  A killer bee (D:8)
  8 wights
  4 electric eels
  5 howler monkeys
  A bullfrog zombie (D:7)
  2 centaur zombies
  9 orc priests
  2 gnoll shamans
  A jelly (D:5)
  An iguana (D:5)
  21 orc wizards
  15 hell rats
  A polar bear simulacrum (IceCv)
  A centaur simulacrum (D:10)
  A howler monkey zombie (D:9)
  6 adders
  23 gnolls
  4 river rats (Lair:4)
  4 white imps
  2 ufetubi (D:6)
  A worm (D:4)
  2 dart slugs (D:3)
  50 orcs
  4 endoplasms
  2 giant cockroaches
  12 goblins
  4 hobgoblins
  17 jackals
  14 kobolds
  2 quokkas
  6 ball pythons
  8 bats
  2 frilled lizards
  5 rats
1330 creatures vanquished.

Vanquished Creatures (collateral kills)
  A vault warden (Vaults:4)
  An orc warlord (Orc:1)
  An ironbound preserver (Vaults:4)
  A fire dragon (Lair:3)
  Josephine (D:11)
  7 hydras
  2 boulder beetles
  A ghost crab (Swamp:4)
  3 vault guards (Vaults:5)
  An anaconda (Snake:3)
  2 two-headed ogres
  A catoblepas (D:10)
  A death knight (D:15)
  2 skeletal warriors (D:12)
  A swamp dragon (Swamp:4)
  A bog body (Swamp:2)
  2 deep trolls
  A wizard (Vaults:4)
  A cyclops (D:14)
  6 ugly things
  A salamander (Snake:3)
  6 elephants
  An apocalypse crab (Gauntlet)
  3 cane toads
  3 rime drakes
  2 kobold demonologists
  5 yaktaurs
  A torpor snail (Lair:6)
  2 tyrant leeches
  3 trolls
  A polar bear (Lair:2)
  5 slime creatures
  A blink frog (Lair:2)
  A hornet (D:10)
  2 wyverns
  3 wraiths
  7 yaks
  3 basilisks
  Edmund (D:6)
  A swamp worm (Swamp:4)
  A hell hound (Orc:2)
  9 orc warriors
  2 wolves (Lair:6)
  An ogre (Snake:3)
  A centaur (D:9)
  2 kobold brigands (D:14)
  A bullfrog (Lair:3)
  A wight (D:10)
  A centaur zombie (D:10)
  2 orc priests
  An iguana (Lair:2)
  3 orc wizards
  A hell rat (Lair:2)
  18 orcs
133 creatures vanquished.

Vanquished Creatures (others)
  A vault guard (Vaults:5)
  21 dancing weapons
  A swamp dragon (Swamp:2)
  A deep troll (Vaults:4)
  A deep elf pyromancer (Elf:2)
  3 bloated husks
  A swamp worm (Swamp:2)
  An orc priest (Orc:2)
  An orc (Orc:2)
  871 foxfires
  31 fungi
  59 plants
  4 withered plants (Gauntlet)
996 creatures vanquished.

Grand Total: 2459 creatures vanquished

Notes
Turn   | Place    | Note
-------+----------+-------------------------------------------
     0 | D:1      | robertstho the Djinni Fire Elementalist began the quest for
                  | the Orb.
     0 | D:1      | Reached XP level 1. HP: 15/15 MP: 0/0
    85 | D:1      | Reached XP level 2. HP: 7/21 MP: 0/0
   281 | D:1      | Found a faded altar of an unknown god.
   883 | D:1      | Reached skill level 3 in Spellcasting
   883 | D:1      | Reached XP level 3. HP: 24/25 MP: 0/0
   883 | D:1      | Learned a level 1 spell: Animate Skeleton
  2378 | D:3      | Found Ufrabbai's Weapon Shoppe.
  2612 | D:3      | Noticed an ogre
  2648 | D:3      | Killed an ogre
  2649 | D:3      | Reached skill level 1 in Fighting
  2649 | D:3      | Reached XP level 4. HP: 29/32 MP: 0/0
  2649 | D:3      | Reached XP level 5. HP: 34/37 MP: 0/0
  2649 | D:3      | Learned a level 2 spell: Ensorcelled Hibernation
  3583 | D:4      | Found Voghyb's Assorted Antiques.
  3603 | D:3      | Reached skill level 4 in Spellcasting
  3603 | D:3      | Reached XP level 6. HP: 27/43 MP: 0/0
  3942 | D:4      | Bought a scroll labelled RAUQASHR VIRU for 25 gold pieces
  3942 | D:4      | Bought an orange potion for 22 gold pieces
  4022 | D:4      | Found a sparkling altar of Nemelex Xobeh.
  4194 | D:4      | Noticed a necrophage
  4207 | D:4      | Killed a necrophage
  4390 | D:4      | Found an opulent altar of Gozag.
  4399 | D:4      | Became a worshipper of Gozag Ym Sagoz the Greedy
  4624 | D:4      | Found a runed translucent gate.
  4624 | D:4      | Found a runed translucent gate.
  4624 | D:4      | Found a runed translucent gate.
  4624 | D:4      | Noticed Smaepdii's ghost (amateur MiBe)
  4746 | D:4      | Noticed an ogre
  4757 | D:4      | Killed an ogre
  4758 | D:4      | Reached skill level 5 in Spellcasting
  4758 | D:4      | Reached XP level 7. HP: 39/49 MP: 0/0
  4758 | D:4      | Learned a level 3 spell: Frozen Ramparts
  5054 | D:5      | Entered Level 5 of the Dungeon
  5091 | D:5      | Noticed Grinder
  5101 | D:5      | Paralysed by Grinder for 7 turns
  5112 | D:5      | Paralysed by Grinder for 3 turns
  5113 | D:5      | Killed Grinder
  5114 | D:5      | Reached XP level 8. HP: 36/55 MP: 0/0
  5284 | D:5      | Reached skill level 6 in Spellcasting
  5884 | D:5      | Noticed Prince Ribbit
  5893 | D:5      | Killed Prince Ribbit
  5958 | D:5      | Noticed a yak
  5966 | D:5      | Killed a yak
  5967 | D:5      | Reached skill level 7 in Spellcasting
  5974 | D:5      | Noticed a yak
  5979 | D:5      | Noticed a yak
  5981 | D:5      | Killed a yak
  5982 | D:5      | Reached XP level 9. HP: 35/61 MP: 0/0
  5982 | D:5      | Learned a level 4 spell: Summon Lightning Spire
  6557 | D:6      | Found a staircase to the Ecumenical Temple.
  6599 | D:6      | Noticed Edmund
  6607 | D:6      | Reached skill level 8 in Spellcasting
  6608 | D:6      | Killed Edmund
  6722 | D:6      | Reached skill level 1 in Shields
  6851 | D:6      | Found a blossoming altar of Fedhas.
  6853 | D:6      | Found a bloodstained altar of Trog.
  6856 | D:6      | Found a glowing silver altar of Zin.
  7297 | D:6      | Found a burning altar of Makhleb.
  7472 | D:4      | Bought a coral ring for 125 gold pieces
  7472 | D:4      | Bought a wooden ring for 125 gold pieces
  7472 | D:4      | Bought a runed cloak for 187 gold pieces
  8081 | D:7      | Reached XP level 10. HP: 40/69 MP: 0/0
  8295 | D:7      | Reached skill level 9 in Spellcasting
  8884 | D:8      | Noticed Grum
  8888 | D:8      | Killed Grum
  9072 | D:8      | Reached skill level 5 in Fighting
  9787 | D:8      | Noticed Pikel
  9791 | D:8      | Killed Pikel
  9792 | D:8      | Reached skill level 10 in Spellcasting
 10179 | D:8      | Found an ornate altar of the Wu Jian Council.
 10554 | D:9      | Noticed a death yak
 10555 | D:9      | Noticed an elephant
 10642 | D:9      | Killed a death yak
 10811 | D:9      | Identified the +4 scale mail "Cieli Mia" {Dex+6}
 10813 | D:9      | Noticed Maggie
 10821 | D:9      | Killed Maggie
 10822 | D:9      | Reached XP level 11. HP: 56/76 MP: 0/0
 10822 | D:9      | Learned a level 5 spell: Alistair's Intoxication
 10830 | D:9      | Killed an elephant
 11186 | D:9      | Found a staircase to the Lair.
 11219 | D:9      | Noticed a two-headed ogre
 11227 | D:9      | Killed a two-headed ogre
 11230 | D:9      | Reached skill level 11 in Spellcasting
 11577 | D:9      | Found an ornate altar of the Wu Jian Council.
 11707 | D:9      | Noticed a sixfirhy
 11739 | D:9      | Reached skill level 1 in Armour
 12136 | D:9      | Noticed a skeletal warrior
 12185 | D:9      | Killed a skeletal warrior
 12410 | D:9      | Found Keeck's Magic Scroll Shop.
 12417 | D:9      | Bought a scroll of teleportation for 42 gold pieces
 12417 | D:9      | Bought a scroll of fear for 49 gold pieces
 12417 | D:9      | Bought a scroll of enchant armour for 105 gold pieces
 12417 | D:9      | Bought a scroll of identify for 28 gold pieces
 12417 | D:9      | Bought a scroll of amnesia for 49 gold pieces
 12417 | D:9      | Bought a scroll of fear for 49 gold pieces
 12973 | D:9      | Found a sacrificial altar of Ru.
 12989 | D:10     | Entered Level 10 of the Dungeon
 13036 | D:10     | Noticed a two-headed ogre
 13040 | D:10     | Killed a two-headed ogre
 13055 | D:10     | Noticed a fire dragon
 13069 | D:10     | Killed a fire dragon
 13646 | D:10     | Identified the +8 war axe of Yhunkiuw {drain, rCorr}
 13933 | D:10     | Reached skill level 1 in Evocations
 14343 | D:10     | Reached XP level 12. HP: 63/84 MP: 0/0
 14447 | D:10     | Noticed a catoblepas
 14455 | D:10     | Killed a catoblepas
 14456 | D:10     | Reached skill level 12 in Spellcasting
 14655 | D:10     | Found Fuos's Armour Shoppe.
 14908 | D:10     | Noticed a deep troll
 14910 | D:10     | Killed a deep troll
 15071 | D:10     | Found a stormy altar of Qazlal.
 15199 | D:10     | Identified a scroll of acquirement
 15200 | D:10     | Acquired the +8 chain mail of Lani {rElec rC+}
 15222 | D:10     | Bought a scroll of identify for 30 gold pieces
 15222 | D:10     | Bought a scroll of blinking for 112 gold pieces
 15222 | D:10     | Bought a scroll of identify for 30 gold pieces
 15222 | D:10     | Bought a scroll of teleportation for 45 gold pieces
 15222 | D:10     | Bought a scroll of identify for 30 gold pieces
 15222 | D:10     | Bought a scroll of identify for 30 gold pieces
 15222 | D:10     | Bought a scroll of teleportation for 45 gold pieces
 15249 | D:11     | Noticed Erica
 15265 | D:11     | Killed Erica
 15904 | D:11     | Reached skill level 1 in Axes
 16022 | D:11     | Noticed a two-headed ogre
 16029 | D:11     | Killed a two-headed ogre
 16214 | D:11     | Found Newnikib's Assorted Antiques.
 16236 | D:11     | Bought a scroll of fear for 91 gold pieces
 16236 | D:11     | Bought a viscous green potion for 23 gold pieces
 16236 | D:11     | Bought a scroll of identify for 52 gold pieces
 16277 | D:11     | Noticed Josephine
 16292 | D:11     | Killed Josephine
 17029 | D:12     | Reached skill level 5 in Armour
 17317 | D:12     | Found a staircase to the Orcish Mines.
 17483 | D:12     | Reached skill level 13 in Spellcasting
 17836 | D:12     | Reached XP level 13. HP: 68/90 MP: 0/0
 17836 | D:12     | Learned a level 5 spell: Manifold Assault
 18518 | D:13     | Noticed a boulder beetle
 18534 | D:13     | Killed a boulder beetle
 20009 | Lair:1   | Entered Level 1 of the Lair of Beasts
 22067 | Lair:2   | Identified the +1 demon blade of Gokous {elec, Int+4}
 22649 | Lair:2   | Reached skill level 14 in Spellcasting
 23033 | Lair:2   | Noticed a four-headed hydra
 23034 | Lair:2   | Noticed a seven-headed hydra
 23037 | Lair:2   | Killed a four-headed hydra
 23041 | Lair:2   | Killed a seven-headed hydra
 23173 | Lair:2   | Found a staircase to the Swamp.
 23417 | Lair:3   | Reached XP level 14. HP: 75/98 MP: 0/0
 23507 | Lair:3   | Found a gate leading to a gauntlet.
 23517 | Gauntlet | Entered a Gauntlet
 23517 | Gauntlet | Found a transporter.
 23814 | Gauntlet | Found a transporter.
 23822 | Gauntlet | Noticed a balrug
 23832 | Gauntlet | Found a transporter.
 23835 | Gauntlet | Found a transporter.
 23856 | Gauntlet | Found a transporter.
 23869 | Gauntlet | Found a transporter.
 23882 | Gauntlet | Found a transporter.
 23911 | Gauntlet | Found a transporter.
 23911 | Gauntlet | Found a transporter.
 23916 | Gauntlet | Found a transporter.
 23943 | Gauntlet | Found a transporter.
 23944 | Gauntlet | Found a transporter.
 24344 | Gauntlet | Identified the +11 war axe of Plog {spect, rElec rC- Will+
                  | Int+5}
 24344 | Gauntlet | Noticed a minotaur
 24359 | Gauntlet | Killed a minotaur
 25249 | Lair:3   | Bought the ring of Axtemeiq {rC+ rCorr Str+3 Int+3} for 605
                  | gold pieces
 26169 | Lair:4   | Found a staircase to the Snake Pit.
 27577 | Lair:5   | Reached skill level 15 in Spellcasting
 28710 | Lair:6   | Entered Level 6 of the Lair of Beasts
 28987 | Lair:6   | Found a frozen archway.
 28997 | IceCv    | Entered an ice cave
 29008 | IceCv    | Reached XP level 15. HP: 36/104 MP: 0/0
 29008 | IceCv    | Learned a level 6 spell: Simulacrum
 29707 | IceCv    | Noticed a reaper
 29710 | IceCv    | Killed a reaper
 30375 | IceCv    | Identified the ring of the Devil's Team {+Blink Will+ EV+4}
 31352 | Lair:6   | Found a staircase to the Slime Pits.
 31858 | Orc:1    | Entered Level 1 of the Orcish Mines
 31884 | Orc:1    | Noticed Tinen's ghost (journeyman TrMo)
 31989 | Orc:1    | Found a transporter.
 32296 | Orc:1    | Found a bloodstained altar of Trog.
 32312 | Orc:1    | Found a transporter.
 32389 | Orc:1    | Reached skill level 16 in Spellcasting
 33070 | Orc:2    | Entered Level 2 of the Orcish Mines
 33078 | Orc:2    | Noticed Azrael
 33086 | Orc:2    | Killed Azrael
 33360 | Orc:2    | Noticed Snorg
 33360 | Orc:2    | Noticed an orc warlord
 34625 | D:14     | HP: 3/105 [earth elemental (15)]
 35560 | D:14     | Reached XP level 16. HP: 80/112 MP: 0/0
 35573 | D:14     | Reached skill level 10 in Armour
 36160 | D:14     | Found a gate to the Vaults.
 36670 | D:14     | Identified the amulet "Fuseofog" {RegenMP Drain rElec rC+
                  | rN+}
 36690 | D:15     | Entered Level 15 of the Dungeon
 37109 | D:15     | Found a staircase to the Depths.
 37109 | D:15     | Noticed a fire giant
 37118 | D:15     | Killed a fire giant
 38168 | D:15     | Reached skill level 17 in Spellcasting
 38768 | Swamp:1  | Entered Level 1 of the Swamp
 38821 | Swamp:1  | Reached skill level 10 in Fighting
 41826 | Swamp:3  | Noticed a fenstrider witch
 41829 | Swamp:3  | Killed a fenstrider witch
 41830 | Swamp:3  | Reached skill level 5 in Dodging
 42913 | Swamp:4  | Entered Level 4 of the Swamp
 42916 | Swamp:4  | Noticed a tentacled monstrosity
 42923 | Swamp:4  | Reached XP level 17. HP: 66/119 MP: 0/0
 42923 | Swamp:4  | Learned a level 6 spell: Iron Shot
 42931 | Swamp:4  | Killed a tentacled monstrosity
 43287 | Swamp:4  | Noticed a thorn hunter
 43292 | Swamp:4  | Killed a thorn hunter
 43481 | Swamp:4  | Reached skill level 18 in Spellcasting
 44744 | Swamp:4  | Got a decaying rune of Zot
 44831 | Swamp:4  | Acquired 409 gold pieces
 44834 | Swamp:4  | Bought a transparent glaive for 276 gold pieces
 44834 | Swamp:4  | Identified the +11 glaive "With Two Names" {vorpal, Str+4}
                  | (You bought it in a shop on level 4 of the Swamp)
 44960 | Snake:1  | Entered Level 1 of the Snake Pit
 45629 | Snake:1  | Found Rifruibb's Jewellery Shop.
 46201 | Snake:1  | Found Itotoq's Jewellery Emporium.
 46202 | Snake:1  | Found Xaeritow's Book Boutique.
 46203 | Snake:1  | Found Ygacec's Jewellery Emporium.
 47424 | Snake:2  | Reached XP level 18. HP: 89/126 MP: 0/0
 50811 | Snake:3  | Reached skill level 19 in Spellcasting
 51252 | Snake:3  | Noticed Saint Roka
 51261 | Snake:3  | Killed Saint Roka
 52198 | Snake:3  | Noticed Vashnia
 52201 | Snake:3  | Killed Vashnia
 52979 | Snake:4  | Entered Level 4 of the Snake Pit
 53535 | Snake:4  | Reached XP level 19. HP: 119/133 MP: 0/0
 53535 | Snake:4  | Learned a level 7 spell: Orb of Destruction
 55966 | Snake:4  | Reached skill level 20 in Spellcasting
 56745 | Snake:4  | Found Ucie's Jewellery Shoppe.
 56745 | Snake:4  | Found Wujefef's Weapon Boutique.
 56757 | Snake:4  | Found Aga Wigi's Magic Scroll Shoppe.
 56761 | Snake:4  | Found Taenargh's Distillery.
 56761 | Snake:4  | Found Finweir's Assorted Antiques.
 56772 | Snake:4  | Bought a potion of invisibility for 176 gold pieces
 56772 | Snake:4  | Bought a potion of curing for 66 gold pieces
 56772 | Snake:4  | Bought a potion of mutation for 176 gold pieces
 56777 | Snake:4  | Bought a potion of curing for 102 gold pieces
 56777 | Snake:4  | Bought a potion of invisibility for 272 gold pieces
 56777 | Snake:4  | Bought a scroll of magic mapping for 119 gold pieces
 56777 | Snake:4  | Bought a scroll of blinking for 255 gold pieces
 56777 | Snake:4  | Bought a potion of curing for 102 gold pieces
 56782 | Snake:4  | Bought a scroll of fear for 42 gold pieces
 56782 | Snake:4  | Bought a scroll of fog for 24 gold pieces
 56782 | Snake:4  | Bought a scroll of teleportation for 36 gold pieces
 56782 | Snake:4  | Bought a scroll of fear for 42 gold pieces
 56782 | Snake:4  | Bought a scroll of teleportation for 36 gold pieces
 57189 | Snake:4  | Got a serpentine rune of Zot
 57532 | D:13     | Reached skill level 5 in Stealth
 59774 | Orc:2    | Killed Snorg
 60106 | Orc:2    | Found a staircase to the Elven Halls.
 60563 | Orc:2    | Found Tyshanod's General Store.
 60563 | Orc:2    | Found Evvili's Weapon Shop.
 60563 | Orc:2    | Found Ifrebbun's Weapon Boutique.
 60566 | Orc:2    | Found Beskeqot's Antique Weapon Emporium.
 60570 | Orc:2    | Bought a wand of acid (9) for 286 gold pieces
 60570 | Orc:2    | Bought a scroll of fear for 38 gold pieces
 60849 | Elf:1    | Entered Level 1 of the Elven Halls
 61216 | Elf:1    | Found Gutuppo's Magic Scroll Shoppe.
 61224 | Elf:1    | Bought a scroll of acquirement for 624 gold pieces
 61224 | Elf:1    | Bought a scroll of teleportation for 36 gold pieces
 61224 | Elf:1    | Bought a scroll of blinking for 90 gold pieces
 61224 | Elf:1    | Bought a scroll of fear for 42 gold pieces
 61224 | Elf:1    | Bought 2 scrolls of teleportation for 72 gold pieces
 61224 | Elf:1    | Bought a scroll of acquirement for 624 gold pieces
 61230 | Elf:1    | Acquired 1087 gold pieces
 61232 | Elf:1    | Acquired the ring "Voorre" {rPois Str+6 SInv}
 61445 | Elf:1    | You are sucked into a shaft and drop 1 floor!
 61711 | Elf:2    | Identified the +3 flail of Idye {spect, rElec rPois Int+4}
 61976 | Elf:2    | Reached XP level 20. HP: 120/141 MP: 0/0
 61981 | Elf:2    | Reached skill level 5 in Shields
 62711 | Elf:1    | Noticed Asterion
 62718 | Elf:1    | Killed Asterion
 63109 | Elf:1    | Found Bygoefitudgh's Antique Armour Boutique.
 65129 | Elf:2    | Found a runed translucent door.
 65153 | Elf:2    | Found a runed translucent door.
 66233 | Elf:2    | Reached skill level 21 in Spellcasting
 66780 | Elf:3    | Entered Level 3 of the Elven Halls
 68265 | Elf:3    | Reached XP level 21. HP: 84/148 MP: 0/0
 68265 | Elf:3    | Learned a level 8 spell: Discord
 68295 | Elf:3    | Noticed a Tzitzimitl
 68709 | Elf:3    | Identified the amulet of Orthodoxy {Spirit rN++ Slay+2}
 68714 | Elf:3    | Identified the ring "Luipreus" {rElec rPois Will- AC+4
                  | Int-2}
 68720 | Elf:3    | Identified the ring of Exexzeq {Wiz Int+6}
 69176 | Elf:3    | Identified the +0 chain mail of Lust {Rampage rPois Will+
                  | Str+3}
 69646 | Elf:3    | Identified the +13 plate armour "Koyshov" {+Blink}
 69744 | Elf:3    | Noticed Nikola
 69751 | Elf:3    | Killed Nikola
 70608 | Vaults:1 | Entered Level 1 of the Vaults
 71603 | Vaults:1 | Reached skill level 22 in Spellcasting
 72168 | Vaults:1 | Reached XP level 22. HP: 113/156 MP: 0/0
 72583 | Vaults:1 | Found Semug's Weapon Boutique.
 72769 | Vaults:1 | Bought a potion of heal wounds for 60 gold pieces
 72769 | Vaults:1 | Bought a potion of curing for 36 gold pieces
 72769 | Vaults:1 | Bought a potion of invisibility for 96 gold pieces
 72769 | Vaults:1 | Bought a potion of heal wounds for 60 gold pieces
 72769 | Vaults:1 | Bought a potion of heal wounds for 60 gold pieces
 74994 | Vaults:3 | Found a staircase to the Crypt.
 75120 | Vaults:3 | Found Ylesosoem's Assorted Antiques.
 75153 | Vaults:3 | Bought a potion of curing for 87 gold pieces
 75153 | Vaults:3 | Bought a potion of curing for 87 gold pieces
 75303 | Vaults:3 | Found a portal to a secret trove of treasure.
 75745 | Vaults:3 | Reached skill level 23 in Spellcasting
 75970 | Vaults:3 | Reached XP level 23. HP: 113/163 MP: 0/0
 75970 | Vaults:3 | Learned a level 8 spell: Ignition
 76953 | Vaults:4 | Found Iroagu Giypp's Antique Armour Boutique.
 77171 | Vaults:4 | Bought a brightly glowing cloak for 380 gold pieces
 77171 | Vaults:4 | Identified the +0 cloak of the Snake Pit {Rampage MP-9
                  | Dex+3 Stlth+} (You bought it in a shop on level 4 of the
                  | Vaults)
 77277 | Vaults:4 | Noticed an ancient lich
 77281 | Vaults:4 | Killed an ancient lich
 77818 | Vaults:4 | Found a large runed translucent door.
 77820 | Vaults:4 | Found a large runed translucent door.
 77820 | Vaults:4 | Noticed SpeedRobin's ghost (adept DDFi)
 77820 | Vaults:4 | Noticed Kare Xaoge's ghost (adept DgTm)
 78539 | Vaults:5 | Entered Level 5 of the Vaults
 78665 | Vaults:5 | Reached XP level 24. HP: 141/170 MP: 0/0
 78673 | Vaults:5 | Reached skill level 24 in Spellcasting
 78775 | Vaults:5 | HP: 3/171 [tentacled monstrosity (9)]
 78793 | Vaults:5 | Killed from afar by a shadow dragon

Illustrated notes

Levels and vault maps discovered:
D:1:      dpeg_arrival_signposts, layout_basic, basic_ecumenical_altar,
          minmay_misc_feat_diagonals
D:2:      layout_rooms
D:3:      layout_loops_ring, serial_shops, shop, grunt_ministairs_2,
          minmay_misc_feat_pillars, st_stairs_8, kennysheep_flooded_box,
          guppyfry_early_lair_pool
D:4:      layout_cave_pools, nemelex_xobeh_ov_fountains_minmay,
          grunt_gozag_breadcrumbs, gammafunk_ghost_necromancy,
          nicolae_stop_n_shop_1, grunt_ministairs_15, minivault_11,
          eino_small_chamber_without_monster, minmay_ogre_servants
D:5:      layout_basic, uniq_prince_ribbit1, uniq_grinder
D:6:      layout_gridville, bloody_makhleb, minitemple,
          minmay_temple_entry_overgrown, uniq_edmund
D:7:      layout_basic, roderic_lattice_a, kennysheep_generic_room_10
D:8:      layout_basic, minmay_ruined_shrine, uniq_grum, uniq_pikel
D:9:      minmay_distorted_concentric_squares, layout_cave_pools,
          nicolae_ru_path_of_blood, mainiacjoe_overflow_24_doors,
          david_lair_generic, minivault_27, kennysheep_small_square, uniq_maggie
D:10:     minmay_the_grid_plus [minmay_the_grid_spikes, minmay_the_grid_eight,
          minmay_the_grid_dragon_b, minmay_the_grid_plusring,
          minmay_the_grid_prize_diamond_cup], layout_grid_maze,
          mainiacjoe_overflow_swirl, serial_shops, nicolae_shop_stone,
          minivault_14
D:11:     layout_basic, serial_shops, nicolae_stop_n_shop_2, uniq_josephine,
          uniq_erica
D:12:     layout_roguey, david_orc_2, kennysheep_potato
D:13:     minmay_stone_box, layout_stronghold
D:14:     layout_rooms, hangedman_vaults_entry_quadrant_bands, eino_curves_02,
          serial_curves, eino_curves_04, eino_curves_01, eino_curves_01,
          kennysheep_island_fort
D:15:     grunt_enter_depths_giant_problem, layout_gridville, serial_rivers,
          chequers_serial_rivers_micro_c, chequers_serial_rivers_large_a,
          chequers_serial_rivers_micro_a, chequers_serial_rivers_micro_e,
          chequers_serial_rivers_small_a, kiku_gazebo_garden_becter
Lair:1:   layout_cave_pods, serial_bayou_pond_e
Lair:2:   layout_misc_corridors, palyth_hydra_swamp_entry, serial_bayou_pond_a,
          nicolae_quartered_pool_super, serial_bayou_shore_b
Lair:3:   dragon1_lemuel, layout_cave_pods, gauntlet_entry_generic
Lair:4:   layout_roguey, guppyfry_snake_entry_island, kennysheep_abandoned_house
Lair:5:   layout_gridlike
Lair:6:   gammafunk_lair_ancient_temple, layout_layer_cave,
          dpeg_slime_entry_corner, portal_ice_cave_demonic_guard
Swamp:1:  layout_basic_swamp, nicolae_swamp_trees_clearing
Swamp:2:  layout_basic_swamp, hangedman_swamp_ruin_wall, swamp_pool2
Swamp:3:  layout_basic_swamp, serial_swamp_ruin, evilmike_swamp_ruin_house_4,
          evilmike_swamp_ruin_rubble_2, infiniplex_staircase_pool
Swamp:4:  swamp_alternative, layout_basic_swamp, swamp_pool3,
          nzn_swamp_blast_mining
Snake:1:  layout_gridlike, serial_shops, shop, special_room, grunt_megastairs_1,
          serial_bayou_shore_a, minmay_shop_grove, serial_bayou_shore_b
Snake:2:  layout_onion
Snake:3:  layout_onion_interference, uniq_saint_roka, uniq_vashnia
Snake:4:  hellmonk_snake_rune_quicksilver_temple, layout_cave_town,
          nicolae_snake_serpentine_bazaar
Orc:1:    layout_diamond_mine, gammafunk_ghost_wrathful_warriors,
          nicolae_orc_pool_cavern
Orc:2:    st_orc_rangers, layout_caves, special_room, led_sif_book, uniq_azrael,
          uniq_snorg
Elf:1:    layout_onion_city, serial_shops, shop, shop, minmay_elf_sorcery,
          uniq_asterion
Elf:2:    elven_hall_of_blades_hangedman_original
          [nicolae_blade_entry_splitting_headache], layout_onion_city
Elf:3:    minmay_elf_hall_x, layout_onion_city, nicolae_elf_big_sculpture_1,
          uniq_nikola
Vaults:1: vaults_room_large_hall, v_alt_pattern_1,
          nicolae_vaults_mini_display_case, nicolae_vaults_yaktaur_gun_rack,
          v_alt_pattern_2, nicolae_vaults_specimen_jars,
          nicolae_vaults_sealed_display, ontoclasm_vaults_chip,
          ontoclasm_vaults_chip, vaults_room_ringed_pool,
          layout_vaults_omnigrid, serial_shops, nicolae_shop_statue_plus
Vaults:2: v_misc_16, ontoclasm_vaults_spin,
          vaults_room_grunt_arrival_checkpoint, grunt_vaults_swirl,
          nicolae_vaults_statue_guard, hangedman_vaults_snaps,
          vaults_room_stairs_pillars, nicolae_vaults_circle_grid_b,
          nicolae_vaults_ninety_degrees, ontoclasm_vaults_tryst, v_pattern_1,
          v_alt_pattern_4, nicolae_vaults_little_squares_3,
          ontoclasm_vaults_decontamination, layout_vaults_maze
Vaults:3: hangedman_vaults_trim, hangedman_vaults_corner_blocks, v_rooms_1,
          ontoclasm_vaults_misaligned, vaults_room_grunt_arrival_ludios,
          nicolae_vaults_little_squares_2, nicolae_vaults_stairing_the_circle,
          v_rooms_3, layout_vaults_chaotic_city,
          portal_desolation_entry_nicolae_slug, serial_shops, shop_fountains,
          nicolae_trove_entry_free_sample
Vaults:4: advil_vaults_ghost_guards, v_rooms_6, vaults_dpeg_cross, v_misc_9,
          v_misc_30, ontoclasm_vaults_ring_square,
          nicolae_vaults_little_squares_6, ontoclasm_vaults_bender, v_rooms_4,
          st_cross, v_misc_31, v_rooms_5, hangedman_vaults_corner_blocks,
          vaults_room_mumra_shop_pool, layout_vaults_omnibox
Vaults:5: serial_shops

Skill      XL: |  1  2  3  4  5  6  7  8  9 10 11 12 13 14 15 16 17 18 19 20 21 22 23 24 |
---------------+-------------------------------------------------------------------------+-----
Spellcasting   | 3 4 5 7 8 10 11 13 14 15 16 17 18 19 20 21 22 23 24 | 24.4
Fighting       | 1 2 3 4 5 6 7 8 9 10 11 12 13 14 | 14.5
Stealth        | 2 3 4 5 |  5.0
Dodging        | 3 4 5 6 |  6.0
Shields        | 2 3 4 5 6 |  6.2
Armour         | 3 5 7 9 10 11 12 13 14 | 14.3
Evocations     | 1 2 |  2.2
Axes           | 1 2 |  2.4

Action                   |  1- 3 |  4- 6 |  7- 9 | 10-12 | 13-15 | 16-18 | 19-21 | 22-24 || total
-------------------------+-------+-------+-------+-------+-------+-------+-------+-------++-------
Melee: Spear             |       |       |     2 |     7 |       |       |       |       ||     9
       War axe           |       |       |       |     8 |    30 |     8 |     1 |       ||    47
 Cast: Foxfire           |   107 |   114 |   206 |    66 |       |     6 |       |       ||   499
       Sticky Flame      |       |       |     4 |    30 |    55 |    28 |     6 |     1 ||   124
       Summon Lightning  |       |       |     2 |    34 |    49 |    35 |     7 |       ||   127
       Fireball          |       |       |       |   141 |   335 |   384 |   142 |    97 ||  1099
       Ensorcelled Hiber |       |       |       |     3 |    12 |       |       |       ||    15
       Alistair's Intoxi |       |       |       |     1 |     5 |     4 |    14 |     1 ||    25
       Manifold Assault  |       |       |       |       |     1 |       |       |       ||     1
       Iron Shot         |       |       |       |       |       |    97 |    68 |    17 ||   182
       Orb of Destructio |       |       |       |       |       |       |   258 |   175 ||   433
       Ignition          |       |       |       |       |       |       |       |    65 ||    65
       Discord           |       |       |       |       |       |       |       |     6 ||     6
Invok: Call Merchant     |       |       |       |     1 |     1 |     1 |       |     1 ||     4
       Potion Petition   |       |       |       |       |     1 |     2 |     4 |     2 ||     9
       Bribe Branch      |       |       |       |       |       |       |       |     1 ||     1
Evoke: Wand              |       |       |       |     5 |     5 |     9 |     2 |       ||    21
       Phantom mirror    |       |       |       |       |       |     1 |     1 |       ||     2
       Box of beasts     |       |       |       |       |       |     1 |       |       ||     1
  Use: Scroll            |       |     3 |     1 |    14 |    12 |     4 |    13 |     3 ||    50
       Potion            |       |       |       |     3 |     9 |    10 |     7 |     5 ||    34
 Stab: Distracted        |       |       |       |       |     1 |       |       |       ||     1
Armor: Robe              |     6 |     3 |     7 |     3 |     6 |       |       |       ||    25
       Scale mail        |       |       |       |    16 |    20 |    38 |    54 |    28 ||   156
       Ice dragon scales |       |       |       |       |    31 |    16 |       |       ||    47
       Chain mail        |       |       |       |       |       |     9 |       |       ||     9
Dodge: Dodged            |     7 |    18 |    25 |    52 |    56 |    41 |    70 |    50 ||   319
Block: Buckler           |     1 |     6 |     9 |    20 |    14 |       |       |       ||    50
       Tower shield      |       |       |       |       |    51 |    95 |   104 |       ||   250
       Reflection        |       |       |       |       |    11 |    40 |    49 |       ||   100
       Kite shield       |       |       |       |       |       |       |    21 |    63 ||    84
